 Dungeon Crawl Stone Soup version 0.31-a0-267-g3fc6992b3b (webtiles) character file.

Game seed: 6826854979410421191

51 qw the Shooter (level 3, -1/21 HPs)
             Began as a Gargoyle Hexslinger on July 14, 2023.
             Slain by Sigmund
             ... wielding a +2 vampiric scythe
              (9 damage)
             ... on level 3 of the Dungeon.
             The game lasted 00:00:34 (1193 turns).

qw the Shooter (Gargoyle Hexslinger)                Turns: 1193, Time: 00:00:34

Health: -1/21      AC: 10    Str: 17    XL:     3   Next: 81%
Magic:  4/4        EV: 12    Int: 13    God:
Gold:   131        SH:  0    Dex: 14    Spells: 3/4 levels left

rFire   . . .        Y - +1 sling
rCold   . . .        (no shield)
rNeg    + . .        i - +2 robe {Will+}
rPois   inf          (no helmet)
rElec   +            f - +2 cloak
rCorr   .            (no gloves)
SInv    .            (no boots)
Will    +....        (no amulet)
Stlth   +            g - +6 ring of strength
HPRegen 0.23/turn    (no ring)
MPRegen 0.09/turn

%: no passive effects
@: no status effects
A: sickness immunity, AC +3, negative energy resistance 1, electricity
resistance, torment resistance 1, petrification resistance
a: no special abilities


You were on level 3 of the Dungeon.
You visited 1 branch of the dungeon, and saw 3 of its levels.

You collected 131 gold pieces.


Innate Abilities, Weirdness & Mutations

You are immune to sickness and miasma.
Your stone body is resilient. (AC +3)
You are immune to poison.
You resist negative energy. (rN+)
You are resistant to electric shocks. (rElec)
You are resistant to unholy torment.
You are immune to petrification.


   Skills:
 - Level 2.0 Fighting
 + Level 3.7 Ranged Weapons
 - Level 1.5 Dodging
 - Level 1.0 Spellcasting
 - Level 2.6 Hexes


You had 3 spell levels left.
You knew the following spells:

 Your Spells              Type           Power      Damage    Failure   Level
a - Slow                  Hex            28%        N/A       10%         1

Your spell library contained the following spells:

 Spells                   Type           Power      Damage    Failure   Level
 Inner Flame              Hex/Fire       4%         N/A       43%         3
 Portal Projectile        Hex/Tloc       8%         N/A       43%         3
 Cause Fear               Hex            3%         N/A       67%         4

Inventory:

Hand Weapons
 Y - a +1 sling (weapon)
Armour
 f - a +2 cloak (worn)
 i - a +2 robe of willpower (worn)
Jewellery
 e - a ring of fire
 g - a +6 ring of strength (left hand)
Scrolls
 b - a scroll of identify
Potions
 a - a potion of mutation
 d - a potion of berserk rage {unknown}
 h - a potion of degeneration {unknown}

Dungeon Overview and Level Annotations

Branches:
Dungeon (3/15)

Altars:
Ru

Annotations:
D:3 Sigmund


Message History

Done exploring.
1115 ||| DRINKING 2 red potions.
It was a potion of ambrosia.
You are confused.
You feel invigorated.
You feel less invigorated.
You feel less confused.
Done exploring.
1120 ||| READING 2 scrolls of identify.
As you read the scroll of identify, it crumbles to dust.
a - a potion of mutation;
1120 ||| IDENTIFYING inky potion Done exploring.
1121 ||| DROPPING potion of ambrosia.
You drop a potion of ambrosia.
Done exploring.
(D) Dungeon
Where to? (* - list waypoints, Enter - D:2, ? - help)
What level of the Dungeon? (default 1, ? - help)
You see here a rat skeleton.
There is a stone staircase leading down here.
You climb downwards.
Found a robe.
There is a stone staircase leading up here.
Waypoint 2 assigned to D:3.
Found a stone staircase leading down.
There is a stone staircase leading down here.
You now have 131 gold pieces (gained 10).
Found 8 stones.
Found a stone staircase leading up.
Sigmund and a bat come into view.
Sigmund is wielding a +2 vampiric scythe and wearing a +2 robe of willpower.
Sigmund hits you from afar with a +2 vampiric scythe!
You shoot a sling bullet. The sling bullet hits Sigmund!
Sigmund is moderately wounded.
You shoot a sling bullet.
The sling bullet closely misses Sigmund.
Sigmund hits you from afar with a +2 vampiric scythe.
You shoot a sling bullet. The sling bullet hits Sigmund.
Sigmund is moderately wounded.
Sigmund says, "I'm your fate."
Sigmund hits you from afar with a +2 vampiric scythe!
You die...

...(......#
##.......#
#####.### #.#
#.#####
########.....####
................#
############.##.#
#@#
#...b@.........
#.#####.###.###
#<# #.# #.# ..#
###


You could see Sigmund and a bat.

Vanquished Creatures
  An adder (D:1)
  A worm (D:2)
  A dart slug (D:2)
  An endoplasm (D:1)
  2 giant cockroaches (D:1)
  3 goblins
  4 hobgoblins
  4 jackals (D:2)
  2 kobolds
  A quokka (D:2)
  4 ball pythons (D:2)
  4 bats
  3 frilled lizards
  4 rats
35 creatures vanquished.

Notes
Turn   | Place    | Note
-------+----------+-------------------------------------------
     0 | D:1      | qw the Gargoyle Hexslinger began the quest for the Orb.
     0 | D:1      | Reached XP level 1. HP: 12/12 MP: 2/2
     0 | D:1      | 0 ||| qw: Version: 0.3-a-52-g30416fa
     0 | D:1      | 0 ||| qw: Game counter: 7864
     0 | D:1      | 0 ||| qw: Melee chars always use a shield: true
     0 | D:1      | 0 ||| qw: God list: Okawaru
     0 | D:1      | 0 ||| qw: Allow faded altars: false
     0 | D:1      | 0 ||| qw: Do Orc after clearing Dungeon:15 true
     0 | D:1      | 0 ||| qw: Do second Lair branch before Depths: true
     0 | D:1      | 0 ||| qw: Lair rune preference: random
     0 | D:1      | 0 ||| qw: Goals: Normal
     0 | D:1      | 0 ||| PLANNING D:1-11
   139 | D:1      | Reached XP level 2. HP: 14/16 MP: 3/3
   387 | D:1      | 387 ||| UPGRADING to +6 ring of strength.
   388 | D:1      | 388 ||| READING scroll labelled BUANOUST BAKE.
   392 | D:1      | 392 ||| READING scroll labelled UMIRELEYPT.
   393 | D:1      | 393 ||| DROPPING scroll of poison.
   416 | D:2      | 416 ||| STAIRDANCE
   429 | D:1      | HP: 3/16 [goblin/+0 dagger (2)]
   429 | D:1      | HP: 1/16 [goblin/+0 dagger (2)]
   434 | D:1      | Reached skill level 3 in Ranged Weapons
   501 | D:2      | 501 ||| STAIRDANCE
   507 | D:1      | Reached XP level 3. HP: 14/20 MP: 4/4
   569 | D:2      | 569 ||| FLEEEEING.
   570 | D:2      | 570 ||| STAIRDANCE
   803 | D:2      | Found a sacrificial altar of Ru.
   922 | D:2      | Identified the +0 leather armour of Ijoo {Int+4}
  1097 | D:2      | 1097 ||| UPGRADING to +2 cloak.
  1102 | D:2      | 1102 ||| UPGRADING to +2 robe of willpower.
  1112 | D:2      | 1112 ||| DROPPING +0 robe.
  1113 | D:2      | 1113 ||| DROPPING +0 leather armour of Ijoo {Int+4}.
  1114 | D:2      | 1114 ||| READING 3 scrolls labelled CERANTU ZEDYIB.
  1115 | D:2      | 1115 ||| DRINKING 2 red potions.
  1120 | D:2      | 1120 ||| READING 2 scrolls of identify.
  1120 | D:2      | 1120 ||| IDENTIFYING inky potion
  1121 | D:2      | 1121 ||| DROPPING potion of ambrosia.
  1190 | D:3      | Noticed Sigmund
  1193 | D:3      | Slain by Sigmund

Levels and vault maps discovered:
D:1:      mushboom_english_gardens, layout_basic
D:2:      layout_rooms, basic_altar, st_stairs_2, minmay_tromino_i4
D:3:      layout_loops_ring, serial_shops, nicolae_shop_bloodbath_and_beyond,
          serial_bayou_lagoon_a, uniq_sigmund, uniq_crazy_yiuf_cottage,
          uniq_natasha, uniq_grinder

Skill      XL: |  1  2  3 |
---------------+----------+-----
Ranged Weapons | 3 |  3.7
Fighting       | 2 |  2.0
Dodging        | |  1.5
Spellcasting   | |  1.0
Hexes          | |  2.6

Action                     || total
---------------------------++-------
   Fire: Sling             ||   126
    Use: Scroll            ||     4
         Potion            ||     1
 Armour: Robe              ||    34
  Dodge: Dodged            ||    87

Table legend:
 A = Non-vault XP
 B = Vault XP
 C = Vault XP percentage of total XP
 D = Non-vault monster count
 E = Vault monster count
 F = Vault count percentage of total count
                 A         B        C        D         E       F
            +---------+---------+-------+---------+---------+-------
      Total |      51 |      22 |  30.1 |      29 |       6 |  17.1
            +---------+---------+-------+---------+---------+-------
        D:1 |      18 |      18 |  50.0 |      12 |       4 |  25.0
        D:2 |      33 |       4 |  10.8 |      17 |       2 |  10.5
            +---------+---------+-------+---------+---------+-------
